 Dungeon Crawl Stone Soup version 0.29.0-11-gd7f09526c8 (webtiles) character file.

Game seed: 16350946737291051775

45 SensoryNuts the Trooper (level 3, -3/29 HPs)
             Began as a Demonspawn Fighter on Sept 3, 2022.
             Slain by a worm (8 damage)
             ... on level 2 of the Dungeon.
             The game lasted 00:01:11 (1845 turns).

SensoryNuts the Trooper (Demonspawn Fighter)        Turns: 1845, Time: 00:01:11

Health: -3/29      AC:  6    Str: 16    XL:     3   Next: 42%
Magic:  3/3        EV:  9    Int:  9    God:
Gold:   71         SH:  4    Dex: 14    Spells: 2/2 levels left

rFire   . . .      SeeInvis .   a - +0 long sword
rCold   . . .      Faith    .   c - +0 buckler
rNeg    . . .      Spirit   .   b - +0 scale mail
rPois   .          Reflect  .   (helmet restricted)
rElec   .          Harm     .   (no cloak)
rCorr   .          Rampage  .   (no gloves)
Will    .....                   (no boots)
Stlth   ..........              (no amulet)
HPRegen 0.09/turn               (no ring)
MPRegen 0.08/turn               (no ring)

@: no status effects
A: antennae 1, sturdy frame 1
a: no special abilities


You were on level 2 of the Dungeon.
You visited 1 branch of the dungeon, and saw 2 of its levels.

You collected 71 gold pieces.

Inventory:

Hand Weapons
 a - a +0 long sword (weapon)
Armour
 b - a +0 scale mail (worn)
 c - a +0 buckler (worn)
Jewellery
 i - a ring of protection from cold
Wands
 m - a wand of digging (6)
Scrolls
 j - a scroll of identify {unknown}
 k - a scroll of immolation {unknown}
 l - a scroll of vulnerability {unknown}
Potions
 d - a potion of might
 e - a potion of lignification {unknown}
 f - a potion of curing {unknown}
 g - a potion of brilliance {unknown}
 h - a potion of heal wounds {unknown}


   Skills:
 + Level 3.5 Fighting
 * Level 2.7 Long Blades
 + Level 2.8 Armour
 + Level 0.2 Dodging
 + Level 2.8 Shields


You had 2 spell levels left.
You didn't know any spells.
Your spell library was empty.

Dungeon Overview and Level Annotations

Branches:
Dungeon (2/15)

Altars:


Innate Abilities, Weirdness & Mutations

You have a pair of small antennae on your head.
Your movements are slightly less encumbered by armour. (ER -2)


Message History

Found an escape hatch in the floor.
You hit the worm.
The worm is lightly wounded.
The worm bites you!
You hit the worm but do no damage.
The worm is lightly wounded.
The worm bites you.
You hit the worm but do no damage.
The worm is lightly wounded.
You barely miss the worm.
The worm is lightly wounded.
The worm bites you but does no damage.
You barely miss the worm. The worm bites you!
You are too injured to fight recklessly!
A worm is nearby!
A worm is nearby!
A worm is nearby!
You are too injured to fight recklessly!
You are too injured to fight recklessly!
You are too injured to fight recklessly!
You are too injured to fight recklessly!
A worm is nearby!
A worm is nearby!
A worm is nearby!
You block the worm's attack. The worm barely misses you. The worm bites you.
The worm barely misses you. The worm barely misses you.
The worm bites you but does no damage. The worm closely misses you.
The worm bites you!
* * * LOW HITPOINT WARNING * * *
The worm bites you but does no damage. You block the worm's attack.
The worm completely misses you. The worm barely misses you.
The worm closely misses you. The worm bites you!
You die...

#.#...........#
#.##..........#
#.##..........#
#.##..........#
#.##..........#
#.##..........+
#.##..........#
#.#############
#!..@w....>.
############


You could see a worm.

Vanquished Creatures
  An adder (D:2)
  7 endoplasms
  A giant cockroach (D:1)
  A goblin (D:1)
  2 hobgoblins (D:1)
  2 jackals (D:1)
  3 kobolds
  2 quokkas (D:1)
  3 ball pythons (D:1)
  4 bats
  A frilled lizard (D:1)
  4 rats
31 creatures vanquished.

Vanquished Creatures (others)
  4 plants (D:1)
4 creatures vanquished.

Grand Total: 35 creatures vanquished

Notes
Turn   | Place    | Note
-------+----------+-------------------------------------------
     0 | D:1      | SensoryNuts the Demonspawn Fighter began the quest for the
                  | Orb.
     0 | D:1      | Reached XP level 1. HP: 18/18 MP: 1/1
   240 | D:1      | Gained mutation: You have a pair of small antennae on your
                  | head. [demonic ancestry]
   240 | D:1      | Reached XP level 2. HP: 24/24 MP: 2/2
  1350 | D:2      | Gained mutation: Your movements are slightly less
                  | encumbered by armour. (ER -2) [demonic ancestry]
  1350 | D:2      | Reached XP level 3. HP: 13/29 MP: 3/3
  1845 | D:2      | Slain by a worm

Illustrated notes

Levels and vault maps discovered:
D:1:      spicycebolla_green_bress_n_ham, layout_loops_ring,
          amcnicky_mini_corridor_feature, serial_bayou_pond_c
D:2:      layout_basic

Skill      XL: |  1 |
---------------+----+-----
Long Blades    | 2 |  2.7
Fighting       | |  3.5
Armour         | |  2.8
Dodging        | |  0.2
Shields        | |  2.8

Action                   || total
-------------------------++-------
Melee: Long sword        ||   120
Armor: Scale mail        ||    72
Dodge: Dodged            ||    58
Block: Buckler           ||    32
